 Dungeon Crawl Stone Soup version 0.28.0-53-g5a82cb258f (webtiles) character file.

Game seed: 4360128325251813738

111 Cykl0x the Digger (level 4, 0/24 HPs)
             Began as a Gargoyle Earth Elementalist on June 8, 2022.
             Slain by NoAnimeNoLife's ghost (9 damage)
             ... on level 3 of the Dungeon.
             The game lasted 00:04:58 (3731 turns).

Cykl0x the Digger (Gargoyle Earth Elementalist)     Turns: 3731, Time: 00:04:59

Health: 0/24       AC:  5    Str: 12    XL:     4   Next: 92%
Magic:  2/8        EV: 12    Int: 17    God:
Gold:   83         SH:  0    Dex: 10    Spells: 5/9 levels left

rFire   . . .      SeeInvis .   l - +0 mace
rCold   . . .      Faith    .   (no shield)
rNeg    + . .      Spirit   .   b - +0 robe
rPois   ∞          Reflect  .   (no helmet)
rElec   +          Harm     .   (no cloak)
rCorr   .          Rampage  .   (no gloves)
Will    .....                   (no boots)
Stlth   ++........              (no amulet)
HPRegen 0.08/turn               (no ring)
MPRegen 0.11/turn               (no ring)

@: no status effects
A: sickness immunity, AC +3, negative energy resistance 1, electricity
resistance, torment resistance 1, petrification resistance
a: no special abilities


You were on level 3 of the Dungeon.
You visited 1 branch of the dungeon, and saw 3 of its levels.

You collected 83 gold pieces.

Inventory:

Hand Weapons
 a - a +1 whip
 l - a +0 mace (weapon)
Missiles
 c - 30 stones
Armour
 b - a +0 robe (worn)
 g - an orb of light
 j - a +0 scale mail
Scrolls
 m - a scroll of enchant weapon
Potions
 d - a potion of lignification {unknown}
 e - a potion of heal wounds {unknown}
 f - a potion of curing {unknown}
 h - 2 potions of attraction {unknown}
 k - a potion of cancellation {unknown}


   Skills:
 + Level 0.5 Maces & Flails
 + Level 1.8 Dodging
 - Level 2.1 Stealth
 + Level 0.1 Unarmed Combat
 + Level 3.2 Spellcasting
 * Level 1.7 Conjurations
 - Level 0.7 Transmutations
 + Level 4.6 Earth Magic


You had 5 spell levels left.
You knew the following spells:

 Your Spells              Type           Power      Damage    Failure   Level
a - Sandblast             Erth           36%        2d10      2%          1
b - Stone Arrow           Conj/Erth      26%        3d8       14%         3

Your spell library contained the following spells:

 Spells                   Type           Power      Damage    Failure   Level
 Passwall                 Tmut/Erth      9%         N/A       9%          2
 Petrify                  Tmut/Erth      11%        N/A       50%         4


Dungeon Overview and Level Annotations

Branches:
Dungeon (3/15)

Altars:

Annotations:
D:3 1 runed translucent door, NoAnimeNoLife's ghost, amateur DsFi


Innate Abilities, Weirdness & Mutations

You are immune to sickness and miasma.
Your stone body is resilient. (AC +3)
You are immune to poison.
You resist negative energy. (rN+)
You are resistant to electric shocks. (rElec)
You are resistant to unholy torment.
You are immune to petrification.


Message History

You miss the adder. The adder barely misses you. x2
You hit the adder.
The adder is lightly wounded.
The adder bites you.
You miss the adder.
The adder is lightly wounded.
The adder bites you but does no damage. x2
You sock the adder!
The adder is almost dead.
The adder bites you but does no damage. x2
The blast of sand hits the adder.
You kill the adder!
The blast of sand misses the giant cockroach.
The blast of sand hits NoAnimeNoLife's ghost.
NoAnimeNoLife's ghost is lightly damaged.
The giant cockroach barely misses you.
The blast of sand hits the giant cockroach but does no damage.
The giant cockroach barely misses you. The giant cockroach bites you.
The blast of sand hits the giant cockroach!
You kill the giant cockroach!
Casting: Sandblast (safe; 2% risk of failure)
Confirm with . or Enter, or press ? or * to list all spells.
The spell is quite dangerous to miscast (14% risk of failure)!
Continue anyway?
Aiming: Stone Arrow (quite dangerous; 14% risk of failure)
Press: ? - help, Shift-Dir - straight line, f - NoAnimeNoLife's ghost
Aim: NoAnimeNoLife's ghost (lightly damaged, 72% to hit)
The stone arrow hits NoAnimeNoLife's ghost!
NoAnimeNoLife's ghost is moderately damaged.
NoAnimeNoLife's ghost barely misses you.
Unknown command.
The blast of sand hits NoAnimeNoLife's ghost but does no damage.
NoAnimeNoLife's ghost is moderately damaged.
NoAnimeNoLife's ghost hits you!
You are too injured to fight recklessly!
As you read the scroll of fear, it crumbles to dust.
You assume a fearsome visage.
The ball python looks frightened!
NoAnimeNoLife's ghost is unaffected.
The worm looks frightened!
Cornered, the ball python turns to fight!
NoAnimeNoLife's ghost hits you!
You die...

#.##.# #.####.♣..♣.#
#.##.# #.[..#......#
#.##.# ########''###
#.##.# #.##..# #
#.##.####### #....## #
#.##.......# #†#######
#.########.# #.# #...
#.......##.##### #.#
#.## #..........SW@.#
#.# #.##
#.#####.##.###.#######.#
#.## #.#
#.##.............# ##.##
####.#
#.######.######### #....
.....# #.# #..)....#
#..## ##########.#
#.......# #..# #
#.......###.......###
#..## #
#.#######...........#
#.... #.# #.#.......#.#
#.##.


You could see NoAnimeNoLife's ghost and a ball python.

Vanquished Creatures
  3 adders
  A worm (D:2)
  3 dart slugs
  An orc (D:3)
  6 ball pythons
  8 bats
  2 endoplasms
  7 giant cockroaches
  5 goblins
  7 hobgoblins
  7 jackals
  A quokka (D:2)
  3 frilled lizards
  10 kobolds
  2 rats (D:1)
66 creatures vanquished.

Notes
Turn   | Place    | Note
-------+----------+-------------------------------------------
     0 | D:1      | Cykl0x the Gargoyle Earth Elementalist began the quest for
                  | the Orb.
     0 | D:1      | Reached XP level 1. HP: 10/10 MP: 3/3
   109 | D:1      | Reached skill level 4 in Earth Magic
   109 | D:1      | Reached XP level 2. HP: 7/15 MP: 0/5
   635 | D:1      | Reached skill level 1 in Conjurations
   798 | D:1      | Reached XP level 3. HP: 19/19 MP: 0/6
   802 | D:1      | Learned a level 3 spell: Stone Arrow
  1357 | D:2      | Found a faded altar of an unknown god.
  2146 | D:2      | Reached XP level 4. HP: 24/24 MP: 3/8
  3197 | D:3      | Found a runed translucent door.
  3203 | D:3      | Noticed NoAnimeNoLife's ghost (amateur DsFi)
  3411 | D:3      | Found a runed translucent door.
  3731 | D:3      | Slain by NoAnimeNoLife's ghost

Illustrated notes

Levels and vault maps discovered:
D:1:      lemuel_arrival_hallway, layout_loops_cross
D:2:      layout_basic, basic_ecumenical_altar
D:3:      layout_loops_ring, ebering_ghost_sewer_f, kennysheep_generic_room_15

Skill      XL: |  1  2  3  4 |
---------------+-------------+-----
Earth Magic    | 4 |  4.6
Conjurations   | 1 |  1.7
Spellcasting   | 3 |  3.2
Maces & Flails | |  0.5
Dodging        | |  1.8
Stealth        | |  2.1
Unarmed Combat | |  0.1
Transmutations | |  0.7

Action                   |  1- 3 |  4- 6 || total
-------------------------+-------+-------++-------
Melee: Unarmed           |     4 |       ||     4
       Whip              |     6 |       ||     6
       Mace              |       |    16 ||    16
Throw: Stone             |     1 |       ||     1
 Cast: Sandblast         |    52 |    25 ||    77
       Stone Arrow       |     7 |    14 ||    21
  Use: Scroll            |     2 |     5 ||     7
Armor: Robe              |    10 |    13 ||    23
Dodge: Dodged            |    13 |    22 ||    35
